 Dungeon Crawl Stone Soup version 0.30-a0-272-gf98c3da03f (webtiles) character file.

Game seed: 2728632884941564183

1022 koil the Sneak (level 8, -1/39 HPs)
             Began as a Spriggan Enchanter on Oct 16, 2022.
             Was an Initiate of Dithmenos.
             Slain by an ice beast (10 damage)
             ... on level 6 of the Dungeon.
             The game lasted 00:14:07 (4036 turns).

koil the Sneak (Spriggan Enchanter)                 Turns: 4036, Time: 00:14:08

Health: -1/39      AC:  2    Str:  4    XL:     8   Next: 2%
Magic:  9/16       EV: 20    Int: 16    God:    Dithmenos [......]
Gold:   202        SH:  0    Dex: 18    Spells: 12/17 levels left

rFire   + . .      SeeInvis +    a - +1 dagger
rCold   . . .      Faith    .    (no shield)
rNeg    . . .      Spirit   .    m - +0 robe
rPois   .          Reflect  .    (helmet restricted)
rElec   .          Harm     .    u - scarf {repulsion}
rCorr   .          Rampage  .    (gloves unavailable)
Will    +....                    (boots unavailable)
Stlth   ++++......               (no amulet)
HPRegen 0.26/turn                r - ring of protection from fire
MPRegen 0.15/turn                (no ring)

@: confusing by touch, repel missiles, very quick
A: very small, no large weapons, unfitting armour, see invisible, speed 3
a: Renounce Religion


You were on level 6 of the Dungeon.
You worshipped Dithmenos.
Dithmenos was noncommittal.
You visited 1 branch of the dungeon, and saw 6 of its levels.

You collected 346 gold pieces.
You spent 144 gold pieces at shops.

Inventory:

Hand Weapons
 a - a +1 dagger (weapon)
 h - a +1 spear of freezing
 k - a +1 dagger of electrocution
 y - a +0 vorpal flail
Armour
 m - a +0 robe (worn)
 u - a scarf of repulsion (worn)
Jewellery
 r - a ring of protection from fire (left hand)
Wands
 x - a wand of roots (9)
 B - a wand of polymorph (5)
Scrolls
 b - 3 scrolls of teleportation {unknown}
 e - 3 scrolls of identify {unknown}
 i - 2 scrolls of brand weapon {unknown}
 j - a scroll of blinking {unknown}
 o - a scroll of fear {unknown}
 q - a scroll of noise {unknown}
 t - a scroll of vulnerability {unknown}
 v - a scroll of immolation {unknown}
 w - a scroll of poison {unknown}
 A - a scroll of acquirement {unknown}
Potions
 c - 2 potions of invisibility
 d - 2 potions of brilliance {unknown}
 f - a potion of curing {unknown}
 g - 2 potions of heal wounds
 l - a potion of mutation {unknown}
 n - 3 potions of haste {unknown}
 p - 4 potions of lignification {unknown}
 s - a potion of magic {unknown}
 z - a potion of ambrosia {unknown}


   Skills:
 + Level 2.8 Fighting
 + Level 4.0 Short Blades
 + Level 5.6 Dodging
 + Level 7.5 Stealth
 + Level 5.1 Spellcasting
 + Level 5.9 Hexes


You had 12 spell levels left.
You knew the following spells:

 Your Spells              Type           Power      Damage    Failure   Level
a - Ensorcelled Hibernat  Hex/Ice        26%        N/A       7%          2
b - Confusing Touch       Hex            23%        N/A       4%          3

Your spell library contained the following spells:

 Spells                   Type           Power      Damage    Failure   Level
 Tukima's Dance           Hex            23%        N/A       4%          3
 Dazzling Flash           Conj/Hex       26%        N/A       14%         3
 Apportation              Tloc           8%         N/A       16%         1
 Metabolic Englaciation   Hex/Ice        6%         N/A       77%         5
 Silence                  Hex/Air        6%         N/A       77%         5
 Passage of Golubria      Tloc           4%         N/A       83%         4
 Petrify                  Tmut/Erth      4%         N/A       83%         4
 Alistair's Intoxication  Tmut/Pois      2%         N/A       99%         5
 Statue Form              Tmut/Erth      2%         N/A       100%        6
 Lehudib's Crystal Spear  Conj/Erth      2%         10d2      100%        8


Dungeon Overview and Level Annotations

Branches:
Dungeon (6/15)             Temple (0/1) D:4

Altars:
Dithmenos
Gozag
Hepliaklqana
Nemelex Xobeh
Okawaru
Qazlal
Ru
Trog

Shops:
D:4 [[


Innate Abilities, Weirdness & Mutations

You are very small and have problems with some larger weapons.
You are too small for most types of armour.
You have supernaturally acute eyesight. (SInv)
You cover ground extremely quickly. (Speed+++)


Message History

Found 14 gold pieces.
There is a stone staircase leading up here.
An ogre comes into view. It is wielding a +0 giant club.
The ogre shouts!
Casting: Ensorcelled Hibernation (safe; 7% risk of failure)
Confirm with . or Enter, or press ? or * to list all spells.
Aiming: Ensorcelled Hibernation (safe; 7% risk of failure)
Press: ? - help, Shift-Dir - straight line, f - ogre
Aim: an ogre, wielding a +0 giant club (chance to affect: 47%)
The ogre resists with some effort.
The ogre hits you with a +0 giant club!
Casting: Ensorcelled Hibernation (safe; 7% risk of failure)
Confirm with . or Enter, or press ? or * to list all spells.
Aiming: Ensorcelled Hibernation (safe; 7% risk of failure)
Press: ? - help, Shift-Dir - straight line, f/p - ogre
Aim: an ogre, wielding a +0 giant club (chance to affect: 47%)
The ogre looks drowsy...
The helpless ogre fails to defend itself.
You spit the ogre like a pig!!!
You kill the ogre!
Dithmenos accepts your kill.
Your Short Blades skill increases to level 4!
You have reached level 8!
An ice beast comes into view.
Casting: Ensorcelled Hibernation (safe; 7% risk of failure)
Confirm with . or Enter, or press ? or * to list all spells.
Your hands begin to glow red.
No target in view!
No target in view!
The ice beast hits you. The ice beast freezes you!
Things that are here:
a +0 giant club; an ogre corpse You are too injured to fight recklessly!
You are too injured to fight recklessly!
You are too injured to fight recklessly!
You are too injured to fight recklessly!
You hit the ice beast but do no damage. You hit the ice beast but do no damage.
The ice beast hits you.
* * * LOW HITPOINT WARNING * * *
The ice beast freezes you!
You die...

..... ....
###...# .....
....
#######..######
+.......Y......
####.@####
#........#
#...$....#
#......$.#
+........#
#........######
#..............
........<..#####
...........#


You could see an ice beast.

Vanquished Creatures
  Sigmund (D:4)
  A vampire (D:5)
  Menkaure (D:5)
  Edmund (D:5)
  2 ogres
  A hound (D:5)
  Jessica (D:2)
  2 iguanas
  Ijyb (D:5)
  An orc wizard (D:3)
  11 adders
  A shadow imp (D:5)
  4 worms
  4 orcs
  5 endoplasms
  2 giant cockroaches
  5 goblins
  8 hobgoblins
  8 jackals
  3 quokkas
  8 ball pythons
  9 bats
  4 frilled lizards
  5 kobolds
  10 rats
99 creatures vanquished.

Notes
Turn   | Place    | Note
-------+----------+-------------------------------------------
     0 | D:1      | koil the Spriggan Enchanter began the quest for the Orb.
     0 | D:1      | Reached XP level 1. HP: 9/9 MP: 5/5
   254 | D:1      | Reached XP level 2. HP: 5/13 MP: 6/6
   414 | D:1      | Learned a level 2 spell: Ensorcelled Hibernation
   738 | D:2      | Reached XP level 3. HP: 17/17 MP: 8/8
   745 | D:2      | Noticed Jessica
   751 | D:2      | Learned a level 3 spell: Confusing Touch
   756 | D:2      | Killed Jessica
   757 | D:2      | Reached skill level 5 in Stealth
   858 | D:2      | Reached XP level 4. HP: 21/21 MP: 9/9
   885 | D:2      | Reached skill level 1 in Fighting
  1533 | D:3      | HP: 1/22 [poisoned by an adder]
  1576 | D:4      | Reached XP level 5. HP: 11/25 MP: 8/11
  1919 | D:3      | Found a sacrificial altar of Ru.
  1991 | D:3      | Found an iron altar of Okawaru.
  2200 | D:3      | Found a faded altar of an unknown god.
  2205 | D:3      | Found a sparkling altar of Nemelex Xobeh.
  2263 | D:3      | Found a stormy altar of Qazlal.
  2337 | D:3      | Noticed a moth of wrath
  2340 | D:3      | Found a bloodstained altar of Trog.
  2579 | D:4      | Found Uluhen's Armour Shop.
  2585 | D:4      | Found Bummu's Armour Shoppe.
  2639 | D:4      | Bought a scarf of repulsion for 144 gold pieces
  2683 | D:4      | Found a staircase to the Ecumenical Temple.
  3054 | D:4      | Noticed Sigmund
  3062 | D:4      | Killed Sigmund
  3063 | D:4      | Reached skill level 6 in Stealth
  3063 | D:4      | Reached skill level 5 in Hexes
  3063 | D:4      | Reached XP level 6. HP: 21/30 MP: 7/13
  3180 | D:5      | Entered Level 5 of the Dungeon
  3184 | D:5      | Found an opulent altar of Gozag.
  3184 | D:5      | Found an opulent altar of Gozag.
  3186 | D:5      | Noticed a vampire
  3198 | D:5      | Killed a vampire
  3199 | D:5      | Reached XP level 7. HP: 20/35 MP: 11/14
  3239 | D:5      | Reached skill level 5 in Dodging
  3247 | D:5      | Noticed Edmund
  3252 | D:5      | Noticed Menkaure
  3267 | D:5      | Killed Edmund
  3268 | D:5      | Reached skill level 7 in Stealth
  3272 | D:5      | Killed Menkaure
  3385 | D:5      | Found an opulent altar of Gozag.
  3397 | D:5      | Found an opulent altar of Gozag.
  3656 | D:5      | Reached skill level 5 in Spellcasting
  3736 | D:5      | Noticed Ijyb
  3782 | D:5      | Killed Ijyb
  3873 | D:5      | Found a hazy altar of Hepliaklqana.
  3920 | D:5      | Found a shadowy altar of Dithmenos.
  3939 | D:5      | Became a worshipper of Dithmenos the Shadowed
  4032 | D:6      | Reached XP level 8. HP: 24/39 MP: 11/16
  4036 | D:6      | Slain by an ice beast

Illustrated notes

Levels and vault maps discovered:
D:1:      dpeg_arrival_stone_temple_mockup, layout_basic
D:2:      layout_rooms, uniq_jessica
D:3:      layout_rooms, nicolae_overflow_ecumenical_swirl,
          mainiacjoe_overflow_surrounded_room, okawaru_gym_becter, tgw_trog,
          mainiacjoe_overflow_paths
D:4:      layout_cave_pools, minmay_temple_entry_slanted, serial_shops, shop,
          shop, uniq_sigmund
D:5:      layout_rooms, grunt_dithmenos_shadows, old_standard_altar,
          nicolae_gozag_conspicuous_consumption, uniq_ijyb, uniq_menkaure,
          uniq_edmund
D:6:      layout_basic, kennysheep_orc_sif_temple

Skill      XL: |  1  2  3  4  5  6  7 |
---------------+----------------------+-----
Dodging        | 3 4 5 |  5.6
Spellcasting   | 3 4 5 |  5.1
Hexes          | 4 5 |  5.9
Stealth        | 5 6 7 |  7.5
Fighting       | 1 2 |  2.8
Short Blades   | 2 3 4 |  4.0

Action                   |  1- 3 |  4- 6 |  7- 9 || total
-------------------------+-------+-------+-------++-------
Melee: Spear             |    14 |       |       ||    14
       Dagger            |    81 |   272 |    49 ||   402
       Punch             |     1 |     3 |       ||     4
 Cast: Ensorcelled Hiber |     2 |    14 |     9 ||    25
       Confusing Touch   |       |     3 |     3 ||     6
  Use: Potion            |       |     1 |       ||     1
 Stab: Sleeping          |     8 |    15 |     6 ||    29
       Distracted        |       |     1 |       ||     1
       Confused          |       |     2 |     2 ||     4
Armor: Robe              |     3 |    18 |     1 ||    22
Dodge: Dodged            |    79 |   276 |    29 ||   384

Table legend: (Time is in decaauts)
 A = Elapsed time spent in this place.
 B = Non-inter-level travel time spent in this place.
 C = Inter-level travel time spent in this place.
 D = Time resting spent in this place.
 E = Time spent auto-exploring this place.
 F = Levels seen in this place.
 G = Mean time per level.
                   A        B        C        D        E       F      G
               +--------+--------+--------+--------+--------+-----+--------+
         Total |   2982 |   2908 |     74 |    369 |   1686 |   6 |  497.0 |
       Dungeon |   2982 |   2908 |     74 |    369 |   1686 |   6 |  497.0 |
               +--------+--------+--------+--------+--------+-----+--------+

Top non-repeatable levels by time:
     D:3: 777 daAuts
     D:5: 620 daAuts
     D:2: 550 daAuts
     D:4: 519 daAuts
     D:1: 504 daAuts
     D:6: 10 daAuts
